 Dungeon Crawl Stone Soup version 0.30.0-29-ga12c61a403 (webtiles) character file.

Game seed: 11171970559535782054

253874 DemonSlayer the Eclecticist (level 19, -1/129 HPs)
             Began as a Demonspawn Earth Elementalist on June 20, 2023.
             Was the Champion of Dithmenos.
             Killed from afar by a deep elf annihilator (25 damage)
             ... with a bolt of lightning
             ... on level 3 of the Elven Halls.
             The game lasted 02:23:30 (58214 turns).

DemonSlayer the Eclecticist (DsEE)                 Turns: 58214, Time: 02:23:31

Health: -1/129     AC: 35    Str: 13    XL:     19   Next: 39%
Magic:  12/49      EV: 21    Int: 18    God:    Dithmenos [******]
Gold:   1699       SH: 12    Dex: 20    Spells: 18/52 levels left

rFire   + + .        B - +6 dagger (protect)
rCold   + . .        Z - +0 kite shield {AC+3}
rNeg    . . .        P - +2 leather armour of Geinnaun {Drain rCorr Str+4 Slay+3 SInv}
rPois   +            (helmet unavailable)
rElec   .            N - +2 cloak {rC+}
rCorr   +            Y - +0 pair of gloves "Womasutz" {Rampage rF++ Slay+3}
SInv    +            b - +2 pair of boots {Stlth+}
Will    ++...        J - amulet of regeneration Stlth **++++++++
                     D - ring of magical power
HPRegen 1.21/turn    X - +5 ring of evasion
MPRegen 0.31/turn

%: rampage
@: sanguine armoured, under a protective aura, wreathed by umbra
A: antennae 3, demonic guardian 3, spiny 1, sanguine armour 3, demonic
willpower, poison resistance, devolution 1
}: 1/15 runes: serpentine
a: Renounce Religion, Shadow Step, Shadow Form


You were on level 3 of the Elven Halls.
You worshipped Dithmenos.
Dithmenos was exalted by your worship.
You visited 7 branches of the dungeon, and saw 32 of its levels.
You also visited: Sewer, Gauntlet and Ice Cave.

You collected 4916 gold pieces.
You spent 3217 gold pieces at shops.

Inventory:

Hand Weapons
 s - a +0 quick blade of draining
 B - a +6 dagger of protection (weapon)
Missiles
 t - 4 throwing nets
 T - 13 curare-tipped darts
Armour
 b - a +2 pair of boots of stealth (worn)
 d - a +0 cloak of poison resistance
 N - a +2 cloak of cold resistance (worn)
 P - the +2 leather armour of Geinnaun (worn) {Drain rCorr Str+4 Slay+3 SInv}
   (You found it on level 3 of the Lair of Beasts)

   Str:       It affects your strength (+4).
   Slay:      It affects your accuracy & damage with ranged weapons and melee
   (+3).
   SInv:      It lets you see invisible.
   rCorr:     It protects you from acid and corrosion.
   Drain:     It drains your maximum health when unequipped.
 Y - the +0 pair of gloves "Womasutz" (worn) {Rampage rF++ Slay+3}
   (You bought it in a shop on level 1 of the Snake Pit)

   Slay:      It affects your accuracy & damage with ranged weapons and melee
   (+3).
   rF:        It greatly protects you from fire.
   Rampage:   It bestows one free step when moving towards enemies.
 Z - a +0 kite shield of protection (worn)
Jewellery
 j - a ring of fire
 q - a ring of flight
 D - a ring of magical power (left hand)
 J - an amulet of regeneration (around neck)
 K - the amulet of Mats {Spirit rElec Dex+5}
   (You found it on level 9 of the Dungeon)

   [amulet of guardian spirit]

   It causes incoming damage to be divided between your reserves of health and
   magic.
   Dex:       It affects your dexterity (+5).
   rElec:     It insulates you from electricity.
 X - a +5 ring of evasion (right hand)
Wands
 n - a wand of digging (9)
 w - a wand of flame (10)
 A - a wand of quicksilver (2)
 I - a wand of charming (30)
 L - a wand of roots (4)
 O - a wand of polymorph (5)
Scrolls
 a - 8 scrolls of magic mapping
 c - 4 scrolls of vulnerability
 g - a scroll of identify
 h - 11 scrolls of teleportation
 l - a scroll of butterflies
 o - 9 scrolls of immolation
 u - 4 scrolls of poison
 v - a scroll of silence
 x - 2 scrolls of fog
 R - 3 scrolls of amnesia
Potions
 e - 9 potions of attraction
 f - 7 potions of flight
 i - 6 potions of resistance
 m - 10 potions of mutation
 r - 5 potions of curing
 E - a potion of might
 Q - a potion of berserk rage
 V - a potion of cancellation
Miscellaneous
 p - a phantom mirror (inert)
 C - a condenser vane


   Skills:
 + Level 6.1 Fighting
 + Level 6.9 Short Blades
 + Level 1.2 Throwing
 + Level 6.7 Armour
 + Level 9.0 Dodging
 + Level 12.7 Stealth
 + Level 8.4 Shields
 + Level 17.0 Spellcasting
 + Level 15.1 Conjurations
 + Level 1.0 Hexes
 + Level 0.8 Transmutations
 + Level 0.3 Air Magic
 + Level 16.0 Earth Magic
 + Level 0.3 Poison Magic
 + Level 3.6 Evocations


You had 18 spell levels left.
You knew the following spells:

 Your Spells              Type           Power      Damage    Failure   Level
b - Stone Arrow           Conj/Erth      100%       3d13      1%          3
c - Passwall              Tmut/Erth      37%        N/A       1%          2
d - Mephitic Cloud        Conj/Pois/Air  34%        N/A       4%          3
e - Petrify               Tmut/Erth      45%        N/A       4%          4
f - Leda's Liquefaction   Hex/Erth       23%        N/A       3%          4
g - Dazzling Flash        Conj/Hex       88%        N/A       1%          3
h - Iron Shot             Conj/Erth      32%        9d7       3%          6
i - Lee's Rapid Deconstr  Erth           32%        3d17*     1%          5
j - Animate Armour        Summ/Erth      88%        N/A       4%          4

Your spell library contained the following spells:

 Spells                   Type           Power      Damage    Failure   Level
 Kiss of Death            Conj/Necr      100%       2d13      1%          1
 Magic Dart               Conj           100%       1d8       1%          1
 Sandblast                Erth           100%       2d20      1%          1
 Momentum Strike          Conj/Tloc      84%        3d10      1%          2
 Sticky Flame             Conj/Fire      42%        2d6       5%          4
 Sting                    Tmut/Pois      68%        1d6       10%         1
 Apportation              Tloc           30%        N/A       13%         1
 Necrotise                Necr           60%        1d7       13%         1
 Summon Small Mammal      Summ           60%        N/A       13%         1
 Wereblood                Tmut           18%        N/A       14%         2
 Arcjolt                  Conj/Air       21%        1d31      14%         5
 Poisonous Vapours        Pois/Air       32%        N/A       17%         2
 Call Imp                 Summ           30%        N/A       19%         2
 Cigotuvi's Dreadful Rot  Necr/Pois/Air  32%        N/A       19%         2
 Lesser Beckoning         Tloc           30%        N/A       19%         2
 Sublimation of Blood     Necr           15%        N/A       19%         2
 Tukima's Dance           Hex            18%        N/A       26%         3
 Inner Flame              Hex/Fire       17%        N/A       30%         3
 Portal Projectile        Hex/Tloc       34%        N/A       30%         3
 Ignite Poison            Fire/Tmut/Pois 16%        N/A       32%         3
 Vhi's Electric Charge    Tloc/Air       30%        N/A       34%         3
 Call Canine Familiar     Summ           15%        N/A       36%         3
 Gell's Gravitas          Tloc           15%        N/A       36%         3
 Teleport Other           Tloc           15%        N/A       36%         3
 Vampiric Draining        Necr           15%        2d7       36%         3
 Freezing Cloud           Conj/Ice/Air   16%        6-21      38%         5
 Statue Form              Tmut/Erth      30%        N/A       52%         6
 Olgreb's Toxic Radiance  Pois           16%        N/A       75%         4
 Blade Hands              Tmut           9%         N/A       94%         5
 Yara's Violent Unravell  Hex/Tmut       9%         3d6       94%         5
 Alistair's Intoxication  Tmut/Pois      11%        N/A       95%         5
 Silence                  Hex/Air        8%         N/A       95%         5
 Agony                    Necr           15%        N/A       98%         5
 Dispersal                Tloc           7%         N/A       100%        6
 Eringya's Noxious Bog    Tmut/Pois      8%         N/A       100%        6
 Enfeeble                 Hex            9%         N/A       100%        7
 Summon Hydra             Summ           7%         N/A       100%        7
 Maxwell's Capacitive Co  Air            8%         ∞         100%        8


Dungeon Overview and Level Annotations

Branches:
Dungeon (15/15)            Temple (1/1) D:7            Lair (5/5) D:9
 Shoals (2/4) Lair:2        Snake (4/4) Lair:3        Slime (0/5) Lair:4
    Orc (2/2) D:11            Elf (3/3) Orc:2        Vaults (0/5) D:14
 Depths (0/4) D:15          Sewer (visited)           IceCv (visited)
Gauntlet (visited)

Altars:
Ashenzari
Dithmenos
Fedhas
Gozag
Hepliaklqana
Kikubaaqudgha
Makhleb
Nemelex Xobeh
Okawaru
Qazlal
Ru
Sif Muna
Trog
Uskayaw
Vehumet
Wu Jian
Xom
Yredelemnul
Jiyva

Shops:
D:1 (   D:4 (   D:5 *   D:7 *   D:9 !   D:11 (   D:14 ?:*((   Orc:1 [
Orc:2 !*[(   Elf:2 *   Elf:3 (   Shoals:1 (   Shoals:2 (   Snake:1 [[*
Snake:3 *(*:

Portals:
Trove: Elf:2 (give 4 scrolls of fog)


Innate Abilities, Weirdness & Mutations

You have a pair of large antennae on your head. (SInv)
A powerful demonic guardian rushes to your aid.
You are partially covered in sharp spines.
When seriously injured, your blood forms very thick armour. (AC +12)
You punish those that try to bend your will. (Will+)
Your system is resistant to poisons. (rPois)
You have hidden genetic defects.


Message History

Unknown command.
You are too injured to fight recklessly!
Unknown command.
You are too injured to fight recklessly!
Unknown command.
Unknown command.
You hit the deep elf demonologist but do no damage.
Your weapon exudes an aura of protection.
The deep elf demonologist is moderately wounded.
Your shadow hits the deep elf demonologist with a dagger.
Your hell beast bites the deep elf demonologist.
Your hell beast closely misses the deep elf demonologist.
The deep elf demonologist is struck by your spines.
The deep elf demonologist barely misses you.
You puncture the deep elf demonologist!
The deep elf demonologist is severely wounded.
Your hell beast bites the deep elf demonologist.
Your hell beast tramples the deep elf demonologist!
The deep elf demonologist stumbles backwards!
The deep elf demonologist dies!
Dithmenos accepts your kill.
Unknown command.
Unknown command.
Unknown command.
Unknown command.
Unknown command.
What are your orders? t - Shout!
Orders for allies: a - Attack new target. r - Retreat! s - Stop attacking. g - Guard the area. f - Follow me.
Anything else - Cancel.
Gang up on whom?
Press: ? - help, Dir - move target, f - deep elf annihilator
Aim: a deep elf annihilator, wielding the +4 spear "Beastbane" {venom, rPois rCorr} and wearing a +0 leather armour of fire resistance (umbra) Attack!
The deep elf annihilator points at you and mumbles some strange words.
The bolt of lightning hits your hell beast!!
The bolt of lightning hits you!!
You die...

#### #########** ####
####§§#####........,,
##..###.§§§§.#.#..#######**
#.......§§@§......#
#...#...§§§2§§.#..#
#......#§§##.e....#########
##.###.#### ............... #.#
### .....#{.###### #.#
###.###....... #.###
#..#.{###### #...# ##e..##
#######.###**********##.##******


You could see a deep elf annihilator (ally target) and a friendly hell beast
(summoned).

Vanquished Creatures
  Vashnia (Snake:3)
  A deep elf blademaster (Elf:3)
  A deep elf master archer (Elf:3)
  A kraken (Shoals:2)
  Gastronok (Lair:1)
  Kirke (D:12)
  Roxanne (Snake:4)
  Agnes (Elf:2)
  3 nagarajas
  2 deep elf sorcerers
  An iron dragon (Elf:1)
  4 deep elf elementalists (Elf:3)
  Aizul (Snake:2)
  An orc warlord (Orc:2)
  2 deep elf annihilators
  3 deep elf demonologists (Elf:1)
  2 deep elf death magi (Elf:3)
  2 merfolk javelineers (Shoals:2)
  3 fire dragons
  2 deep elf high priests
  2 merfolk impalers (Shoals:2)
  Josephine (D:12)
  4 hydras
  Fannar (Lair:2)
  2 merfolk avatars
  2 salamander tyrants (Snake:4)
  4 boulder beetles
  8 anacondas
  2 merfolk aquamancers (Shoals:2)
  30 dancing weapons
  Erica (D:8)
  2 death knights (D:15)
  5 centaur warriors
  8 naga warriors
  2 tengu warriors (D:14)
  A death scarab (Gauntlet)
  2 two-headed ogres
  3 shock serpents
  4 death yaks
  An orc high priest (Orc:2)
  11 deep elf knights
  Urug (Lair:2)
  17 naga sharpshooters
  A soul eater (Gauntlet)
  Sonja (Orc:1)
  2 storm dragon zombies (D:15)
  3 sea snakes
  8 skysharks
  4 salamander mystics
  4 skeletal warriors (D:15)
  A bog body (IceCv)
  14 deep elf archers
  A flayed ghost (D:15)
  10 orc knights
  10 naga ritualists
  2 wizards (D:14)
  A harpy (shapeshifter) (Elf:3)
  A sphinx zombie (D:15)
  25 deep elf pyromancers
  28 deep elf zephyrmancers
  A necromancer (D:15)
  6 harpies (Shoals:2)
  An oklob plant (Gauntlet)
  17 mana vipers
  9 cyclopes
  5 fauns
  8 orc sorcerers
  16 ugly things
  9 manticores
  13 salamanders
  A moth of wrath (shapeshifter) (D:9)
  4 guardian serpents
  40 black mambas
  23 naga magi
  An ice statue (IceCv)
  11 elephants
  Maurice (D:12)
  3 merfolk sirens
  An orange demon (D:8)
  3 molten gargoyles (Lair:5)
  A torpor snail (Lair:3)
  7 cane toads
  2 gargoyles (D:12)
  A water nymph (Shoals:1)
  Maggie (D:8)
  5 rime drakes
  An unseen horror (D:10)
  2 freezing wraiths (D:15)
  15 komodo dragons
  An ice devil (IceCv)
  A hornet (D:9)
  11 trolls
  5 meliai
  A queen bee (shapeshifter) (D:9)
  11 merfolk
  A wind drake (shapeshifter) (Elf:1)
  6 wind drakes
  Prince Ribbit (D:7)
  14 blink frogs
  2 polar bears
  9 saltlings (Orc:2)
  17 dream sheep
  7 slime creatures
  4 air elementals
  2 vampires
  A shadow (D:11)
  8 wyverns
  2 centaur simulacra
  10 wraiths
  A ynoxinul (Gauntlet)
  3 fire elementals
  4 basilisks
  5 water elementals
  62 yaks
  Eustachio (D:6)
  3 hogs (D:12)
  Menkaure (D:7)
  A death yak simulacrum (IceCv)
  4 harpy simulacra (IceCv)
  47 nagas
  A spectral cane toad (Gauntlet)
  8 wargs
  A hydra simulacrum (IceCv)
  3 acid dragons
  9 water moccasins
  4 hell hounds (Lair:5)
  A glowing shapeshifter zombie (D:15)
  19 orc warriors
  A sky beast (D:7)
  Pargi (Sewer)
  An ice beast (D:7)
  9 ogres
  4 black bears
  13 wolves (Lair:3)
  2 phantoms
  9 centaurs
  4 kobold brigands
  14 bullfrogs
  6 scorpions
  3 earth elementals
  6 two-headed ogre simulacra (IceCv)
  6 gnoll sergeants
  A cane toad simulacrum (IceCv)
  10 wights
  An elephant simulacrum (IceCv)
  11 killer bees (D:9)
  3 howler monkeys
  An electric eel (D:12)
  3 lava snakes (Lair:5)
  2 hounds (D:5)
  3 jellies
  15 orc priests
  5 gnoll boudas
  2 iron imps (Gauntlet)
  A sleepcap (D:7)
  4 iguanas
  22 orc wizards
  7 spriggan simulacra (IceCv)
  7 troll simulacra (IceCv)
  A polar bear simulacrum (IceCv)
  10 adders
  31 gnolls
  3 naga simulacra (IceCv)
  3 shadow imps (Gauntlet)
  9 white imps
  11 ufetubi
  A worm (D:2)
  2 dart slugs
  86 orcs
  12 endoplasms
  8 goblins
  9 hobgoblins
  4 quokkas
  3 training dummies (Shoals:1)
  5 ball pythons
  5 bats
  8 frilled lizards
  19 kobolds
  7 rats
  A spectral weapon (Snake:4)
  4 tentacles (Shoals:2)
1183 creatures vanquished.

Vanquished Creatures (collateral kills)
  A kraken (Shoals:2)
  An iron dragon (Elf:1)
  A deep elf demonologist (Elf:3)
  A minotaur (Gauntlet)
  The ghost of Bigaod the Fighter, a journeyman DsGl of Ru (Orc:1)
  A salamander tyrant (Snake:4)
  An orc high priest (Orc:2)
  2 naga sharpshooters (Snake:4)
  A death yak (Lair:4)
  A naga warrior (Snake:4)
  5 deep elf knights
  A skyshark (Shoals:2)
  Amaemon (D:8)
  A salamander mystic (Snake:4)
  2 harpies (Shoals:2)
  A lindwurm (Lair:5)
  2 deep elf zephyrmancers (Elf:2)
  A deep elf pyromancer (Elf:2)
  3 fauns
  Joseph (D:7)
  A naga mage (Snake:4)
  2 merfolk sirens
  A torpor snail (Lair:3)
  An efreet (D:9)
  A merfolk (Shoals:2)
  A meliai (D:14)
  A saltling (Orc:2)
  3 dream sheep
  A slime creature (D:9)
  A wyvern (Lair:5)
  A water elemental (Shoals:2)
  6 yaks
  4 nagas (Snake:4)
  A harpy simulacrum (IceCv)
  An orc warrior (Orc:2)
  A sky beast (D:7)
  A wight (D:7)
  2 killer bees (D:9)
  2 lava snakes (Lair:5)
  A polar bear simulacrum (IceCv)
  2 orcs
  A goblin (D:1)
  A rat (D:1)
66 creatures vanquished.

Vanquished Creatures (others)
  A deep elf knight (Elf:1)
  A bog body (IceCv)
  2 air elementals
  A water elemental (Elf:1)
  A naga (Snake:2)
  A killer bee (D:9)
  2 gnolls (D:11)
  An orc (Elf:1)
  15 tentacles (Shoals:2)
25 creatures vanquished.

Grand Total: 1274 creatures vanquished

Notes
Turn   | Place    | Note
-------+----------+-------------------------------------------
     0 | D:1      | DemonSlayer the Demonspawn Earth Elementalist began the
                  | quest for the Orb.
     0 | D:1      | Reached XP level 1. HP: 13/13 MP: 3/3
   391 | D:1      | Gained mutation: A weak demonic guardian rushes to your
                  | aid. [demonic ancestry]
   391 | D:1      | Reached XP level 2. HP: 19/19 MP: 3/5
   685 | D:1      | Found Teequi's Weapon Emporium.
   968 | D:1      | Gained mutation: You are partially covered in sharp spines.
                  | [demonic ancestry]
   968 | D:1      | Reached XP level 3. HP: 24/24 MP: 3/6
  1066 | D:1      | Learned a level 3 spell: Stone Arrow
  1069 | D:1      | Learned a level 2 spell: Passwall
  1132 | D:2      | Noticed an ogre
  1334 | D:2      | Found a faded altar of an unknown god.
  1806 | D:3      | Found a glowing drain.
  1809 | D:3      | Gained mutation: When seriously injured, your blood forms
                  | armour. (AC +12) [demonic ancestry]
  1809 | D:3      | Reached XP level 4. HP: 24/30 MP: 2/8
  1871 | Sewer    | Entered a sewer
  1903 | Sewer    | Noticed Pargi
  1907 | Sewer    | Killed Pargi
  1908 | Sewer    | Reached skill level 3 in Spellcasting
  1908 | Sewer    | Reached XP level 5. HP: 28/35 MP: 4/10
  2688 | D:3      | Reached XP level 6. HP: 41/41 MP: 5/11
  2774 | D:3      | Found a bloodstained altar of Trog.
  3313 | D:2      | Reached skill level 4 in Spellcasting
  3336 | D:2      | Learned a level 3 spell: Mephitic Cloud
  3341 | D:2      | Learned a level 4 spell: Petrify
  3633 | D:4      | Reached skill level 5 in Earth Magic
  3807 | D:4      | Reached XP level 7. HP: 46/47 MP: 8/13
  3983 | D:4      | Found Orynuil's Antique Weapon Emporium.
  4062 | D:4      | Reached skill level 1 in Armour
  4255 | D:5      | Entered Level 5 of the Dungeon
  4329 | D:5      | Found Wengaenic's Elemental Accessories.
  4512 | D:5      | Reached skill level 5 in Spellcasting
  4525 | D:5      | Reached skill level 1 in Fighting
  4634 | D:5      | Gained mutation: A demonic guardian rushes to your aid.
                  | [demonic ancestry]
  4634 | D:5      | Reached XP level 8. HP: 33/54 MP: 9/16
  4638 | D:5      | Gained mutation: Your system is resistant to poisons.
                  | (rPois) [potion of mutation]
  4848 | D:5      | Reached skill level 1 in Short Blades
  4967 | D:5      | Identified the +4 helmet of Lugonu's Envy {*Corrode rElec
                  | rF+ Str+3}
  6091 | D:6      | Noticed Eustachio
  6135 | D:6      | Reached skill level 1 in Evocations
  6196 | D:6      | Reached skill level 6 in Spellcasting
  6470 | D:6      | Gained mutation: A powerful demonic guardian rushes to your
                  | aid. [demonic ancestry]
  6470 | D:6      | Reached XP level 9. HP: 41/59 MP: 15/19
  6664 | D:6      | Killed Eustachio
  6665 | D:6      | Reached skill level 7 in Spellcasting
  6665 | D:6      | Reached skill level 1 in Conjurations
  6894 | D:6      | Found a hide-covered altar of Uskayaw.
  6938 | D:6      | Learned a level 4 spell: Leda's Liquefaction
  6942 | D:6      | Learned a level 3 spell: Dazzling Flash
  7209 | D:7      | Found Sarruin's Assorted Antiques.
  7217 | D:7      | Bought a pair of runed boots for 210 gold pieces
  7217 | D:7      | Bought a scroll labelled TYHIPL TISCHOF for 28 gold pieces
  7451 | D:7      | Noticed Prince Ribbit
  7455 | D:7      | Noticed Joseph
  7463 | D:7      | Killed Prince Ribbit
  7472 | D:7      | Noticed Menkaure
  7832 | D:7      | Killed Joseph
  8194 | D:7      | Found a staircase to the Ecumenical Temple.
  8252 | D:7      | Found a stormy altar of Qazlal.
  8299 | Temple   | Entered the Ecumenical Temple
  8370 | Temple   | Became a worshipper of Dithmenos the Shadowed
  8580 | D:7      | Killed Menkaure
  8581 | D:7      | Reached skill level 8 in Spellcasting
  8749 | D:8      | Gained mutation: When seriously injured, your blood forms
                  | thick armour. (AC +12) [demonic ancestry]
  8749 | D:8      | Reached XP level 10. HP: 67/67 MP: 4/22
  8888 | D:8      | Noticed an orange demon
  8891 | D:8      | Noticed Amaemon
  8898 | D:8      | Killed Amaemon
  8910 | D:8      | Killed an orange demon
  9266 | D:8      | Noticed Erica
  9275 | D:8      | Killed Erica
  9453 | D:8      | Noticed Maggie
  9462 | D:8      | Killed Maggie
  9652 | D:8      | Reached * piety under Dithmenos
  9865 | D:8      | Found a sparkling altar of Nemelex Xobeh.
  9866 | D:8      | Found an opulent altar of Gozag.
 10003 | D:9      | Noticed a two-headed ogre
 10009 | D:9      | Killed a two-headed ogre
 10212 | D:9      | Reached skill level 5 in Conjurations
 10224 | D:9      | Reached skill level 9 in Spellcasting
 10410 | D:9      | Gained mutation: When seriously injured, your blood forms
                  | very thick armour. (AC +12) [demonic ancestry]
 10410 | D:9      | Reached XP level 11. HP: 72/72 MP: 2/24
 10616 | D:9      | Reached ** piety under Dithmenos
 10916 | D:9      | Found a staircase to the Lair.
 11268 | D:9      | Found Soptecux's Distillery.
 11553 | D:9      | Noticed a six-headed hydra
 11553 | D:9      | Noticed a boulder beetle
 11603 | D:9      | Reached skill level 10 in Earth Magic
 11782 | D:9      | Killed a boulder beetle
 11803 | D:9      | Reached skill level 10 in Spellcasting
 12026 | D:9      | Identified the amulet of Mats {Spirit rElec Dex+5}
 12214 | Lair:1   | Entered Level 1 of the Lair of Beasts
 12227 | Lair:1   | Reached *** piety under Dithmenos
 12385 | Lair:1   | Noticed Gastronok
 13258 | Lair:1   | Killed Gastronok
 13401 | Lair:1   | Reached XP level 12. HP: 80/80 MP: 26/26
 13587 | Lair:1   | Reached skill level 5 in Stealth
 14047 | Lair:1   | Reached skill level 5 in Dodging
 14835 | Lair:2   | Reached skill level 11 in Spellcasting
 15147 | Lair:2   | Noticed Urug
 15155 | Lair:2   | Killed Urug
 15181 | Lair:2   | Noticed Fannar
 15204 | Lair:2   | Reached **** piety under Dithmenos
 15208 | Lair:2   | Killed Fannar
 15617 | Lair:2   | Found a staircase to the Shoals.
 16130 | Lair:2   | Learned a level 6 spell: Iron Shot
 16183 | Lair:3   | Found a frozen archway.
 16188 | Lair:3   | Reached skill level 5 in Armour
 16236 | IceCv    | Entered an ice cave
 17874 | IceCv    | Got Woqokkics's Lectures on the Tincture
 17897 | IceCv    | Reached XP level 13. HP: 86/86 MP: 28/28
 18703 | Lair:3   | Reached ***** piety under Dithmenos
 18865 | Lair:3   | Identified the +2 leather armour of Geinnaun {Drain rCorr
                  | Str+4 Slay+3 SInv}
 19627 | Lair:3   | Reached skill level 1 in Shields
 19993 | Lair:3   | Found a staircase to the Snake Pit.
 20460 | Lair:4   | Found a gate leading to a gauntlet.
 20464 | Gauntlet | Entered a Gauntlet
 20464 | Gauntlet | Found a transporter.
 20464 | Gauntlet | Found a transporter.
 20465 | Gauntlet | Found a transporter.
 20465 | Gauntlet | Found a transporter.
 20468 | Gauntlet | Found a transporter.
 20483 | Gauntlet | Found a transporter.
 20553 | Gauntlet | Found a transporter.
 20563 | Gauntlet | Found a transporter.
 20579 | Gauntlet | Found a transporter.
 20593 | Gauntlet | Found a transporter.
 20605 | Gauntlet | Found a transporter.
 20611 | Gauntlet | Found a transporter.
 20674 | Gauntlet | Identified the amulet of Ranaic {Spirit +Inv Str+2 Int+3
                  | Dex+2}
 21058 | Gauntlet | Noticed a minotaur
 21068 | Gauntlet | Killed a minotaur
 21404 | Gauntlet | Identified the +1 long sword of Xeazor {protect, rC++ rCorr
                  | Int-3}
 21529 | Lair:4   | Reached skill level 12 in Spellcasting
 22026 | Lair:4   | Found a staircase to the Slime Pits.
 22026 | Lair:4   | Found a viscous altar of Jiyva.
 22347 | Lair:4   | Reached skill level 10 in Conjurations
 23644 | Lair:5   | Entered Level 5 of the Lair of Beasts
 23696 | Lair:5   | Gained mutation: You have a pair of small antennae on your
                  | head. [demonic ancestry]
 23696 | Lair:5   | Reached XP level 14. HP: 83/94 MP: 27/30
 24112 | Lair:5   | Reached ****** piety under Dithmenos
 24989 | Lair:5   | Found a large runed translucent door.
 24990 | Lair:5   | Found a large runed translucent door.
 26204 | Lair:5   | Identified the +1 pair of boots of Uvvy {rN++ Str+4 Slay-6}
 26383 | D:10     | Entered Level 10 of the Dungeon
 26697 | D:10     | Reached skill level 13 in Spellcasting
 27690 | D:11     | Identified the +1 ring mail "Cohetau" {Contam rF+ Str+2}
 28232 | D:12     | Noticed Kirke
 28285 | D:12     | Killed Kirke
 28716 | D:12     | Noticed Josephine
 28725 | D:12     | Killed Josephine
 29090 | D:12     | Noticed Maurice
 29093 | D:12     | Killed Maurice
 29449 | D:13     | Reached skill level 1 in Throwing
 30023 | D:14     | Found a bloodstained altar of Trog.
 30206 | D:14     | Reached XP level 15. HP: 101/101 MP: 32/32
 30565 | D:14     | Found Hupliec's Weapon Shoppe.
 30569 | D:14     | Found Nessips's Book Shop.
 30571 | D:14     | Found Oghiapso's Weapon Emporium.
 30573 | D:14     | Found Ylint's Assorted Antiques.
 30573 | D:14     | Found Rali's Magic Scroll Shop.
 30581 | D:14     | Bought a scroll of teleportation for 111 gold pieces
 30581 | D:14     | Bought 2 potions of invisibility for 592 gold pieces
 30581 | D:14     | Bought a scroll of teleportation for 111 gold pieces
 30611 | D:14     | Bought a scroll of teleportation for 45 gold pieces
 30611 | D:14     | Bought a scroll of enchant armour for 112 gold pieces
 30755 | D:14     | Found a gate to the Vaults.
 31287 | D:15     | Entered Level 15 of the Dungeon
 31540 | D:15     | Found a blossoming altar of Fedhas.
 31546 | D:15     | Found a staircase to the Depths.
 31954 | D:15     | Reached skill level 5 in Short Blades
 32197 | D:15     | Found an ancient bone altar of Kikubaaqudgha.
 34183 | D:11     | Found a staircase to the Orcish Mines.
 34323 | D:11     | Found Zydeadd's Weapon Shoppe.
 34332 | D:11     | Bought 5 curare-tipped darts for 72 gold pieces
 34490 | Orc:1    | Entered Level 1 of the Orcish Mines
 34577 | Orc:1    | You fall into a shaft and drop 1 floor!
 34577 | Orc:2    | Entered Level 2 of the Orcish Mines
 34629 | Orc:1    | Noticed Sonja
 34650 | Orc:1    | Killed Sonja
 34835 | Orc:2    | Reached skill level 5 in Shields
 35186 | Orc:2    | Found a staircase to the Elven Halls.
 35421 | Orc:2    | Reached skill level 14 in Spellcasting
 35822 | Orc:2    | Paralysed by an orc sorcerer for 3 turns
 36642 | Orc:2    | Found Vosups's Armour Shop.
 36644 | Orc:2    | Found Damn's Assorted Antiques.
 36661 | Orc:2    | Bought a phantom mirror for 1240 gold pieces
 36676 | Orc:2    | Found Qyragapi's Distillery.
 36705 | Orc:2    | Found Moite's Weapon Boutique.
 36810 | Orc:1    | Found Fengas's Antique Armour Boutique.
 37154 | Orc:1    | Found a runed translucent door.
 37155 | Orc:1    | Found a shimmering altar of Xom.
 37155 | Orc:1    | Noticed Bigaod's ghost (journeyman DsGl)
 37360 | Orc:1    | Gained mutation: You have a pair of antennae on your head.
                  | [demonic ancestry]
 37360 | Orc:1    | Reached XP level 16. HP: 108/108 MP: 31/34
 37699 | Orc:1    | Killed Bigaod's ghost
 37844 | Orc:1    | Bought an embroidered cloak for 180 gold pieces
 37844 | Orc:1    | Bought a pair of runed boots for 180 gold pieces
 37954 | Snake:1  | Entered Level 1 of the Snake Pit
 38272 | Snake:1  | Found Ilof Hof's Armour Boutique.
 38320 | Snake:1  | Found Zutu's Antique Armour Shop.
 38692 | Snake:1  | Found Dys Xiaj's Assorted Antiques.
 39003 | Snake:1  | Reached skill level 5 in Fighting
 39721 | Snake:2  | Identified a scroll of acquirement
 39909 | Snake:2  | Reached skill level 10 in Stealth
 40214 | Snake:2  | You fall into a shaft and drop 1 floor!
 40377 | Snake:2  | Noticed Aizul
 40388 | Snake:2  | Killed Aizul
 40629 | Snake:2  | Found a runed translucent door.
 41114 | Snake:1  | Bought a pair of faintly humming gloves for 285 gold pieces
 41114 | Snake:1  | Identified the +0 pair of gloves "Womasutz" {Rampage rF++
                  | Slay+3} (You bought it in a shop on level 1 of the Snake
                  | Pit)
 41205 | Snake:3  | Identified the +5 quarterstaff of Thoughtfulness {pain,
                  | Will- Dex+3 Stlth+}
 41232 | Snake:3  | Noticed Vashnia
 41244 | Snake:3  | Killed Vashnia
 41421 | Snake:3  | Identified the +0 chain mail of Jighotaj {Contam Harm rF++
                  | SInv}
 41836 | Snake:3  | Acquired a +0 quick blade of draining
 41907 | Snake:3  | Found Voistock's Antique Weapon Shop.
 41920 | Snake:3  | Found Jahune Haary's Book Shop.
 41925 | Snake:3  | Found Ylinaqam's Assorted Antiques.
 41930 | Snake:3  | Found Famnurut's Assorted Antiques.
 42180 | Snake:3  | Gained mutation: You punish those that try to bend your
                  | will. (Will+) [demonic ancestry]
 42180 | Snake:3  | Reached XP level 17. HP: 115/115 MP: 35/35
 42779 | Snake:4  | Entered Level 4 of the Snake Pit
 42795 | Snake:4  | Found a basalt altar of Yredelemnul.
 43732 | Snake:4  | Reached skill level 15 in Spellcasting
 44887 | Snake:4  | Got a serpentine rune of Zot
 45825 | Snake:4  | Reached skill level 15 in Earth Magic
 46446 | Snake:4  | Noticed Roxanne
 46460 | Snake:4  | Killed Roxanne
 46776 | Snake:4  | Learned a level 5 spell: Lee's Rapid Deconstruction
 46781 | Snake:4  | Learned a level 4 spell: Animate Armour
 46971 | Shoals:1 | Entered Level 1 of the Shoals
 46978 | Shoals:1 | Found Micoeroc's Firing Range.
 48372 | Shoals:1 | Bought a throwing net for 51 gold pieces
 48676 | Shoals:2 | Reached XP level 18. HP: 98/123 MP: 37/37
 49960 | Shoals:2 | Found Vaorchut's Antique Weapon Shoppe.
 50526 | Elf:1    | Entered Level 1 of the Elven Halls
 50561 | Elf:1    | Reached skill level 1 in Hexes
 52297 | Elf:1    | Reached skill level 16 in Spellcasting
 52530 | Elf:1    | Got Vehumet's Anthology of Impulse
 53061 | Elf:1    | Noticed a Brimstone Fiend
 53065 | Elf:1    | Noticed an Ice Fiend
 53905 | Elf:2    | Found a runed translucent gate.
 53905 | Elf:2    | Found a runed translucent gate.
 53906 | Elf:2    | Found a runed translucent gate.
 54640 | Elf:2    | Noticed Agnes
 54647 | Elf:2    | Killed Agnes
 54849 | Elf:2    | Found Gotec's Assorted Antiques.
 55133 | Elf:2    | Found a portal to a secret trove of treasure.
 55532 | Elf:1    | Gained mutation: You have a pair of large antennae on your
                  | head. (SInv) [demonic ancestry]
 55532 | Elf:1    | Reached XP level 19. HP: 128/128 MP: 36/39
 55746 | Elf:1    | Found a runed translucent gate.
 55746 | Elf:1    | Found a runed translucent gate.
 55746 | Elf:1    | Found a runed translucent gate.
 55746 | Elf:1    | Found a runed translucent gate.
 55746 | Elf:1    | Found a runed translucent gate.
 55747 | Elf:1    | Found a runed translucent gate.
 56263 | Elf:3    | Entered Level 3 of the Elven Halls
 57460 | Elf:3    | Reached skill level 15 in Conjurations
 57486 | Elf:3    | Paralysed by an air elemental for 1 turns
 57753 | Elf:3    | Found Suoplopp's Antique Weapon Shop.
 57836 | Elf:3    | Identified the +4 spear "Beastbane" {venom, rPois rCorr}
 57847 | Elf:3    | Gained mutation: You have hidden genetic defects. [a
                  | cacodemon]
 58055 | Elf:3    | Reached skill level 17 in Spellcasting
 58214 | Elf:3    | Killed from afar by a deep elf annihilator

Illustrated notes

Levels and vault maps discovered:
D:1:      lemuel_arrival_lava_pool, layout_basic, serial_shops,
          nicolae_shop_stone, chequers_serial_rivers_room_b
D:2:      layout_basic, basic_ecumenical_altar
D:3:      layout_basic, mainiacjoe_overflow_catwalk, portal_sewer_entry_d,
          minmay_pentomino_pile
D:4:      layout_loops_ring, serial_shops, nicolae_take_the_stairs,
          nicolae_eternal_life, kennysheep_windowed_goal
D:5:      minmay_opposing_rooms, layout_loops_ring, nicolae_elemental_shop,
          minmay_misc_feat_diagonals, solitary_fountain
D:6:      layout_cave_pools, mainiacjoe_overflow_alcove_2,
          minmay_gold_behind_fungi, uniq_eustachio
D:7:      layout_cave_pools, nicolae_qazlal_scattered_showers,
          minmay_temple_entry_poolview, serial_shops, shop, uniq_prince_ribbit1,
          uniq_joseph, uniq_menkaure
D:8:      layout_cave_pools, grunt_temple_overflow_opulence, uniq_maggie,
          uniq_amaemon, uniq_erica
D:9:      minmay_the_grid_triangle_9x9_rhombus_thin_mashed
          [minmay_the_grid_triangle_9x9_stretched_checkered,
          minmay_the_grid_triangle_9x9_prize_top_heavy,
          minmay_the_grid_triangle_9x9_skeleton,
          minmay_the_grid_triangle_9x9_cache], layout_cave_pools,
          dpeg_oklobed_lair, serial_shops, shop
D:10:     layout_cave_pools
D:11:     layout_basic, orc_david_3
D:12:     layout_stronghold, minivault_14, uniq_maurice, uniq_kirke,
          uniq_josephine
D:13:     layout_roguey
D:14:     layout_irregular_city, david_vaults_1, chequers_serial_rivers_room_b,
          nicolae_wooded_promenade, trog_three_pillars_becter
D:15:     gammafunk_depths_entry_grave, layout_irregular_city,
          serial_column_ruins, column_ruins_grid_5, column_ruins_grid_2,
          column_ruins_open_small, column_ruins_grid_3,
          column_ruins_open_medium, column_ruins_grid_1, column_ruins_grid_4,
          fedhas_altar_2, kiku_gazebo_garden_becter
Temple:   nicolae_temple_bog_church
Lair:1:   layout_chaotic_city, uniq_gastronok
Lair:2:   layout_regular_city, minmay_shoals_entry_beasts, uniq_urug,
          uniq_fannar
Lair:3:   layout_cave_pods, guppyfry_snake_entry_garden, portal_ice_cave_rime
Lair:4:   layout_layer_cave, slime_entry_1, gauntlet_entry_generic
Lair:5:   cheibrodos_lair_end_hotspot, layout_small_grid
Shoals:1: layout_shoals, nicolae_shop_firing_range
Shoals:2: layout_shoals, serial_shops, shop, st_sunken_huts
Snake:1:  layout_misc_corridors, minmay_shop_star
Snake:2:  layout_cave_pods, lightli_airlock, uniq_aizul
Snake:3:  layout_chambers, minmay_shop_grid_forest, grunt_megastairs_1,
          uniq_vashnia
Snake:4:  snake_pit, layout_gridlike, basic_altar,
          nicolae_snake_gridmaze_entwining, st_stairs_3, uniq_roxanne
Orc:1:    cheibrodos_orc_guarddog, layout_caves, serial_shops, shop,
          ebering_ghost_xom, uniq_sonja
Orc:2:    hellmonk_orc_salted, layout_caves, nicolae_orc_sculptors_studio
Elf:1:    layout_loops_cross, minmay_elf_annihilation, orc_legates
Elf:2:    nicolae_elf_blades_crystal_corner, layout_geoelf_octagon,
          serial_shops, shop, trove_entry_hex_spiral, uniq_agnes
Elf:3:    elf_hall_gauntlet_narrow, layout_gridlike, serial_shops,
          nicolae_shop_rolling_square

Skill      XL: |  1  2  3  4  5  6  7  8  9 10 11 12 13 14 15 16 17 18 19 |
---------------+----------------------------------------------------------+-----
Dodging        | 2 3 4 5 6 7 8 9 |  9.0
Earth Magic    | 3 4 5 6 8 9 10 11 12 13 14 15 16 | 16.0
Stealth        | 2 3 4 5 6 7 9 10 11 12 | 12.7
Spellcasting   | 3 4 5 6 8 9 10 11 12 13 14 15 16 17 | 17.0
Armour         | 1 3 4 5 6 |  6.7
Fighting       | 1 2 3 4 5 6 |  6.1
Short Blades   | 1 2 3 4 5 6 |  6.9
Evocations     | 1 2 3 |  3.6
Conjurations   | 2 5 6 9 10 11 12 13 14 15 | 15.1
Shields        | 2 4 5 6 7 8 |  8.4
Throwing       | 1 |  1.2
Hexes          | 1 |  1.0
Transmutations | |  0.8
Air Magic      | |  0.3
Poison Magic   | |  0.3

Action                     |  1- 3 |  4- 6 |  7- 9 | 10-12 | 13-15 | 16-18 | 19-21 || total
---------------------------+-------+-------+-------+-------+-------+-------+-------++-------
  Melee: Unarmed           |     5 |       |       |       |       |       |       ||     5
         Dagger            |    14 |    23 |    26 |   104 |   251 |   402 |    40 ||   860
         Rapier            |       |       |    21 |       |       |       |       ||    21
         Punch             |       |       |       |     1 |       |       |       ||     1
  Throw: Throwing net      |       |       |       |     5 |       |       |       ||     5
         Dart              |       |       |       |     1 |     7 |     6 |       ||    14
   Cast: Sandblast         |    56 |    47 |   116 |     4 |       |       |       ||   223
         Stone Arrow       |       |       |    58 |   343 |   649 |   663 |   107 ||  1820
         Mephitic Cloud    |       |       |       |     5 |     1 |     2 |       ||     8
         Leda's Liquefacti |       |       |       |     1 |       |     3 |       ||     4
         Dazzling Flash    |       |       |       |       |     1 |     1 |       ||     2
         Iron Shot         |       |       |       |       |       |     6 |    12 ||    18
  Evoke: Wand              |       |       |     8 |    14 |    15 |    17 |       ||    54
         Condenser vane    |       |       |       |       |     2 |     2 |       ||     4
         Phantom mirror    |       |       |       |       |       |     1 |     1 ||     2
    Use: Potion            |     2 |       |     8 |     8 |     8 |    20 |     4 ||    50
         Scroll            |     5 |       |     8 |    16 |    17 |     8 |     7 ||    61
   Stab: Sleeping          |     2 |     3 |     3 |    17 |    63 |    97 |     7 ||   192
         Invisible         |       |       |       |       |       |     5 |     1 ||     6
         Distracted        |       |       |       |       |       |     4 |       ||     4
 Armour: Robe              |    13 |       |       |       |       |       |       ||    13
         Troll leather arm |       |     4 |    38 |    91 |     9 |       |       ||   142
         Leather armour    |       |       |       |       |   176 |   150 |    27 ||   353
  Dodge: Dodged            |    36 |    32 |   132 |   203 |   371 |   513 |    67 ||  1354
  Block: Kite shield       |       |       |       |       |   382 |   508 |    50 ||   940
